 Dungeon Crawl Stone Soup version 0.28.0-62-gf88900778d (webtiles) character file.

Game seed: 10909727993764714464

104412 cbfl8 the Severer (level 15, -4/134 HPs)
             Began as a Minotaur Berserker on July 1, 2023.
             Was a High Priest of Trog.
             Constricted to death by Jorgrun (9 damage)
             ... on level 1 of the Elven Halls.
             The game lasted 00:36:42 (38205 turns).

cbfl8 the Severer (Minotaur Berserker)             Turns: 38205, Time: 00:36:44

Health: -4/134     AC: 28    Str: 31    XL:     15   Next: 91%
Magic:  14/14      EV: 10    Int:  8    God:    Trog [*****.]
Gold:   1699       SH: 15    Dex: 17    Spells: 14/14 levels left

rFire   + . .      SeeInvis .   F - +7 broad axe (flame)
rCold   + . .      Faith    .   G - +3 warlock's mirror {reflect}
rNeg    . . .      Spirit   .   Q - +10 plate armour of the Narrow Alphagorgon {rC+}
rPois   .          Reflect  +   M - +0 hat
rElec   .          Harm     .   d - +1 cloak
rCorr   .          Rampage  .   (no gloves)
Will    ++...                   (no boots)
Stlth   ..........              q - amulet "Jyhuclol" {Reflect Str+3 SH+5}
HPRegen 0.32/turn               B - ring "Tihidy" {rF+ Will+ Int+4}
MPRegen 0.14/turn               L - +6 ring of strength

@: grasped by roots, constricted, studying Axes
A: horns 2, retaliatory headbutt
a: Renounce Religion, Berserk, Trog's Hand, Brothers in Arms


You were on level 1 of the Elven Halls.
You worshipped Trog.
Trog was extremely pleased with you.
You visited 4 branches of the dungeon, and saw 24 of its levels.
You also visited: Gauntlet.

You collected 2604 gold pieces.
You spent 905 gold pieces at shops.

Inventory:

Hand Weapons
 z - a +3 broad axe
 F - a +7 broad axe of flaming (weapon)
Missiles
 P - 2 throwing nets
Armour
 d - a +1 cloak (worn)
 G - the +3 warlock's mirror (worn) {reflect}
   (You acquired it on level 4 of the Lair of Beasts)

   It can block and reflect piercing ranged attacks and magical attacks against
   the wielder's willpower.
 M - a +0 hat (worn)
 Q - the +10 plate armour of the Narrow Alphagorgon (worn) {rC+}
   (You found it on level 6 of the Lair of Beasts)

   rC:        It protects you from cold.
Jewellery
 q - the amulet "Jyhuclol" (around neck) {Reflect Str+3 SH+5}
   (You acquired it on level 12 of the Dungeon)

   [amulet of reflection]

   It reflects blocked missile attacks.
   Str:       It affects your strength (+3).
   SH:        It affects your SH (+5).
 y - a ring of flight
 B - the ring "Tihidy" (left hand) {rF+ Will+ Int+4}
   (You found it in a Gauntlet)

   [ring of protection from fire]

   Int:       It affects your intelligence (+4).
   rF:        It protects you from fire.
   Will:      It increases your willpower.
 L - a +6 ring of strength (right hand)
Wands
 f - a wand of digging (4)
 l - a wand of acid (15) (quivered)
 u - a wand of polymorph (16)
 v - a wand of iceblast (12)
 w - a wand of mindburst (19)
 N - a wand of flame (9)
Scrolls
 c - a scroll of blinking
 g - 8 scrolls of teleportation
 j - a scroll of magic mapping
 m - 3 scrolls of fear
 o - 8 scrolls of noise
 A - 4 scrolls of fog
 H - a scroll of silence
Potions
 a - 5 potions of heal wounds
 e - 3 potions of lignification
 i - 12 potions of curing
 k - 2 potions of berserk rage
 n - 6 potions of might
 p - 6 potions of flight
 r - a potion of attraction
 s - 4 potions of cancellation
 t - 2 potions of magic {unknown}
 x - 4 potions of haste
 C - a potion of invisibility
 D - a potion of ambrosia
 J - a potion of resistance
 K - a potion of mutation
Miscellaneous
 b - a phial of floods
 E - a box of beasts
 I - a piece from Xom's chessboard (15/15)
 O - a phantom mirror


   Skills:
 + Level 12.9 Fighting
 + Level 19.9 Axes
 * Level 13.8 Armour
 * Level 10.0 Dodging
 * Level 10.9 Stealth
 * Level 10.9 Shields
 * Level 10.4 Evocations


You had 14 spell levels left.
You didn't know any spells.
Your spell library was empty.

Dungeon Overview and Level Annotations

Branches:
Dungeon (15/15)            Temple (0/1) D:5            Lair (6/6) D:8
 Shoals (0/4) Lair:3       Spider (0/4) Lair:4        Slime (0/5) Lair:6
    Orc (2/2) D:11            Elf (1/3) Orc:2        Vaults (0/5) D:14
 Depths (0/4) D:15        Gauntlet (visited)

Altars:
Dithmenos
Hepliaklqana
Kikubaaqudgha
Vehumet
Wu Jian
The Shining One
Beogh

Shops:
D:11 *   D:13 *   Orc:2 *!:[

Annotations:
D:13 2 transporters, cbfl8's ghost, journeyman MiBe
D:15 3 runed translucent doors, cbfl8's ghost, journeyman MiBe
Elf:1 Jorgrun


Innate Abilities, Weirdness & Mutations

You have a pair of horns on your head.
You reflexively headbutt those who attack you in melee.


Message History

The fire elemental hits you.
You are covered in liquid flames!
You are no longer on fire.
The fire elemental hits you. The fire elemental burns you! You resist.
* * * LOW HITPOINT WARNING * * *
The deep elf pyromancer gestures wildly while chanting. x2
The fire elemental hits you. The fire elemental burns you! You resist.
Jorgrun hits you with a +0 vorpal quarterstaff.
* * * LOW HITPOINT WARNING * * *
The grasping roots constrict you!
* * * LOW HITPOINT WARNING * * *
The fire elemental hits you. The fire elemental hits you.
The fire elemental burns you! You resist.
* * * LOW HITPOINT WARNING * * *
The deep elf pyromancer hits you but does no damage.
The deep elf pyromancer casts a spell at you.
The bolt of fire hits you! You resist.
* * * LOW HITPOINT WARNING * * *
The bolt of fire hits the fire elemental.
The fire elemental completely resists.
The fire elemental hits you. The fire elemental burns you! You resist.
* * * LOW HITPOINT WARNING * * *
The fire elemental hits you. Jorgrun casts a spell at you.
You resist with some effort. The grasping roots constrict you!
* * * LOW HITPOINT WARNING * * *
You turn to flesh and can move again.
Blink to where?
Press: ? - help, Dir - move target The roots' grasp on you weakens, but your attempt to escape fails.
As you read the scroll of blinking, it crumbles to dust.
The fire elemental disappears in a puff of smoke!
The fire elemental hits you. The fire elemental burns you! You resist.
* * * LOW HITPOINT WARNING * * *
The fire elemental hits you.
You block the deep elf pyromancer's attack.
You block the fire elemental's attack.
The deep elf pyromancer hits you but does no damage.
Jorgrun barely misses you. The grasping roots constrict you!
You die...

####### ***** ##.E.g.#
**,,,* #..<@eE#********
**,,,,* #..EEe☼##,,,,,,*
**,,,,,* #..eE○.○##****,*
*,,,,,,* #........#****,***
*,,,,,,###')'''#.....,,,,,*
*,,,,,,#....)........**,*,*
**,,,,,#.8...........**,*,*
**,,,,#.........#...,,,*,*
*,,,,#.........#.#.**,*,*


You could see Jorgrun (empowered), a deep elf archer (repels missiles), 2 deep
elf pyromancers and 5 fire elementals.

Vanquished Creatures
  Rupert (Lair:6)
  Kirke (Lair:4)
  Gastronok (Lair:1)
  A minotaur (Gauntlet)
  An entropy weaver (Gauntlet)
  A great orb of eyes (D:15)
  7 hydras
  4 vault guards
  Harold (D:8)
  2 boulder beetles
  An ogre mage (Orc:1)
  4 catoblepae
  4 tengu warriors
  6 two-headed ogres
  6 centaur warriors
  A death scarab (Gauntlet)
  15 death yaks (Lair:6)
  A spectral death yak (Gauntlet)
  A glowing orange brain (D:13)
  4 orc knights
  Pikel (D:7)
  A wolf spider (Gauntlet)
  6 deep elf pyromancers
  10 orc sorcerers
  12 ugly things
  A cyclops (shapeshifter) (D:15)
  2 merfolk sirens (Lair:3)
  9 manticores
  3 cyclopes
  3 black mambas
  4 gargoyles
  A rust devil (Gauntlet)
  4 unseen horrors
  8 cane toads
  A kobold demonologist (D:13)
  An efreet (D:14)
  5 rime drakes
  2 tengu conjurers
  10 komodo dragons
  2 merfolk (Lair:3)
  10 trolls
  2 polar bears
  Prince Ribbit (D:9)
  15 blink frogs
  9 slime creatures
  4 dream sheep (Lair:6)
  3 wraiths
  A ynoxinul (Gauntlet)
  A jumping spider (Gauntlet)
  A vampire (D:10)
  3 wyverns (D:8)
  2 shadows
  71 yaks
  A steam dragon (D:8)
  7 hogs (Lair:4)
  Grum (D:9)
  7 basilisks
  A redback (Gauntlet)
  Menkaure (D:5)
  9 vampire mosquitoes
  14 wargs
  15 two-headed ogre zombies
  13 water moccasins
  18 orc warriors
  A sky beast (D:6)
  2 ice beasts
  A hornet zombie (D:6)
  A black bear (Lair:1)
  3 necrophages
  6 ogres
  11 wolves
  10 centaurs
  2 lemures (D:7)
  3 phantoms
  3 kobold brigands
  13 bullfrogs
  A scorpion (D:4)
  A water moccasin zombie (D:5)
  3 troll zombies (D:11)
  15 killer bees
  8 wights
  7 electric eels
  A howler monkey (D:8)
  3 centaur zombies
  4 hounds
  9 orc priests
  4 centaur skeletons
  2 jellies (D:4)
  A bullfrog skeleton (D:5)
  2 iron imps (Gauntlet)
  Natasha (thrice) (D:4)
  42 orc wizards
  Ijyb (D:4)
  7 hell rats (Lair:4)
  3 killer bee zombies
  4 ogre zombies (D:11)
  Robin (D:4)
  A gnoll (D:5)
  A howler monkey skeleton (D:7)
  5 adders
  A shadow imp (D:8)
  2 dart slugs
  106 orcs
  3 bats (D:1)
  7 endoplasms
  3 giant cockroaches
  10 goblins
  9 hobgoblins
  4 jackals (D:4)
  9 quokkas
  8 ball pythons
  2 frilled lizards (D:1)
  A goblin skeleton (D:11)
  2 goblin zombies (D:11)
  3 hobgoblin skeletons (D:11)
  6 kobolds
  2 orc skeletons (D:11)
  17 orc zombies (D:11)
  5 rats
744 creatures vanquished.

Vanquished Creatures (others)
  22 fungi
  72 plants
  2 withered plants (D:11)
96 creatures vanquished.

Grand Total: 840 creatures vanquished

Notes
Turn   | Place    | Note
-------+----------+-------------------------------------------
     0 | D:1      | cbfl8 the Minotaur Berserker began the quest for the Orb.
     0 | D:1      | Reached XP level 1. HP: 19/19 MP: 0/0
   202 | D:1      | Reached XP level 2. HP: 27/27 MP: 1/1
   545 | D:1      | Reached skill level 4 in Axes
   895 | D:2      | Identified the +8 whip "Zyefrir" {freeze, rN+ Int+3}
   914 | D:2      | Reached XP level 3. HP: 27/33 MP: 2/2
  1029 | D:2      | Found a faded altar of an unknown god.
  1101 | D:2      | Reached skill level 1 in Evocations
  1107 | D:2      | Reached ** piety under Trog
  1647 | D:3      | Found an ornate altar of the Wu Jian Council.
  1663 | D:3      | Reached skill level 1 in Stealth
  1797 | D:3      | Reached XP level 4. HP: 40/40 MP: 3/3
  1989 | D:3      | Noticed a necrophage
  1999 | D:3      | Killed a necrophage
  2000 | D:3      | Reached XP level 5. HP: 47/47 MP: 4/4
  2438 | D:4      | Noticed a phantom
  2488 | D:4      | Reached skill level 5 in Axes
  2761 | D:4      | Reached XP level 6. HP: 16/53 MP: 5/5
  3035 | D:4      | Noticed Natasha
  3041 | D:4      | Killed Natasha
  3305 | D:4      | Noticed Ijyb
  3327 | D:4      | Killed Ijyb
  3555 | D:4      | Noticed Robin
  3565 | D:4      | Killed Robin
  3568 | D:4      | Reached skill level 5 in Fighting
  3570 | D:4      | Reached XP level 7. HP: 61/61 MP: 6/6
  3588 | D:4      | Noticed Natasha
  3598 | D:4      | Killed Natasha
  3648 | D:4      | Noticed Natasha
  3650 | D:4      | Killed Natasha
  3651 | D:4      | Reached skill level 6 in Axes
  3964 | D:5      | Entered Level 5 of the Dungeon
  3973 | D:5      | Noticed Menkaure
  3982 | D:5      | Killed Menkaure
  3982 | D:5      | Reached *** piety under Trog
  4182 | D:5      | Found a shadowy altar of Dithmenos.
  4240 | D:5      | Found a hazy altar of Hepliaklqana.
  4278 | D:5      | Found a glowing golden altar of the Shining One.
  4291 | D:5      | Reached skill level 7 in Axes
  4291 | D:5      | Reached XP level 8. HP: 59/69 MP: 7/7
  4561 | D:5      | Found a staircase to the Ecumenical Temple.
  4914 | D:6      | Reached skill level 8 in Axes
  5180 | D:6      | Reached skill level 5 in Armour
  5746 | D:6      | Found a radiant altar of Vehumet.
  5767 | D:6      | Reached XP level 9. HP: 68/75 MP: 8/8
  6130 | D:7      | Noticed Pikel
  6624 | D:7      | Killed Pikel
  6625 | D:7      | Reached skill level 9 in Axes
  6868 | D:7      | Reached skill level 5 in Stealth
  7105 | D:7      | Reached **** piety under Trog
  7399 | D:7      | Reached skill level 5 in Evocations
  7405 | D:7      | Reached skill level 10 in Axes
  7546 | D:7      | Noticed a manticore
  7554 | D:7      | HP: 1/117 [manticore (5)]
  7555 | D:7      | Killed a manticore
  7556 | D:7      | Reached XP level 10. HP: 2/86 MP: 9/9
  9080 | D:8      | Found a staircase to the Lair.
  9691 | D:8      | Reached skill level 11 in Axes
  9926 | D:8      | Noticed a gargoyle
  9935 | D:8      | Killed a gargoyle
 10410 | D:8      | Noticed a manticore
 10422 | D:8      | Killed a manticore
 10989 | D:8      | Noticed Harold
 10998 | D:8      | Killed Harold
 11727 | D:9      | Reached XP level 11. HP: 94/94 MP: 10/10
 11997 | D:9      | Noticed Grum
 12012 | D:9      | Killed Grum
 12657 | D:9      | Noticed a tengu warrior
 12676 | D:9      | Killed a tengu warrior
 12677 | D:9      | Reached skill level 12 in Axes
 13022 | D:9      | Noticed Prince Ribbit
 13031 | D:9      | Killed Prince Ribbit
 13100 | D:10     | Entered Level 10 of the Dungeon
 13111 | D:10     | Reached skill level 5 in Dodging
 14380 | D:10     | Reached skill level 10 in Armour
 15422 | D:11     | Found Nibret's Assorted Antiques.
 15849 | D:11     | Bought a sapphire potion for 23 gold pieces
 15849 | D:11     | Bought a scroll of identify for 52 gold pieces
 15946 | D:11     | Found a staircase to the Orcish Mines.
 15946 | D:11     | Noticed an orc sorcerer
 15959 | D:11     | Killed an orc sorcerer
 16144 | D:11     | Reached skill level 13 in Axes
 16218 | D:11     | Noticed a boulder beetle
 16229 | D:11     | Killed a boulder beetle
 16647 | D:11     | Found an ancient bone altar of Kikubaaqudgha.
 16651 | D:11     | Noticed a two-headed ogre
 16665 | D:11     | Killed a two-headed ogre
 16666 | D:11     | Reached XP level 12. HP: 9/104 MP: 11/11
 17954 | D:12     | Noticed a two-headed ogre
 17962 | D:12     | Killed a two-headed ogre
 18162 | D:12     | Noticed a two-headed ogre
 18170 | D:12     | Killed a two-headed ogre
 18390 | D:12     | Identified 2 scrolls of acquirement
 18390 | D:12     | Acquired a manual of Axes
 18808 | D:12     | Acquired the amulet "Jyhuclol" {Reflect Str+3 SH+5}
 18956 | D:12     | Reached skill level 14 in Axes
 19275 | D:13     | Reached skill level 1 in Shields
 19463 | D:13     | Noticed a centaur warrior
 19464 | D:13     | Noticed a two-headed ogre
 19472 | D:13     | Killed a two-headed ogre
 19478 | D:13     | Killed a centaur warrior
 19796 | D:13     | You fall into a shaft and drop 1 floor!
 19796 | D:14     | Noticed a centaur warrior
 19805 | D:14     | Killed a centaur warrior
 19878 | D:14     | Reached skill level 15 in Axes
 19890 | D:14     | Reached skill level 10 in Fighting
 20158 | D:13     | Noticed a four-headed hydra
 20163 | D:13     | a four-headed hydra changed into a glowing orange brain
 20176 | D:13     | Noticed a centaur warrior
 20186 | D:13     | Killed a centaur warrior
 20192 | D:13     | Reached XP level 13. HP: 77/113 MP: 12/12
 20350 | D:13     | Found Teuwkun's General Store.
 20364 | D:13     | Bought a wand of acid (8) for 312 gold pieces
 20408 | D:13     | Found a transporter.
 20410 | D:13     | Noticed cbfl8's ghost (journeyman MiBe)
 20846 | D:13     | Found a transporter.
 20846 | D:13     | Identified the +6 dire flail of the Six Friends {flame,
                  | Int+2}
 21049 | D:13     | Reached ***** piety under Trog
 21747 | D:14     | Found a gate to the Vaults.
 22743 | D:14     | Reached skill level 16 in Axes
 22955 | D:14     | Reached skill level 5 in Shields
 24087 | D:15     | Entered Level 15 of the Dungeon
 24087 | D:15     | Found a runed translucent gate.
 24087 | D:15     | Found a runed translucent gate.
 24087 | D:15     | Found a runed translucent gate.
 24099 | D:15     | Noticed cbfl8's ghost (journeyman MiBe)
 24103 | D:15     | Found the +7 Spriggan's Knife {stab, EV+4 Stlth+}
 24882 | D:15     | Identified the +8 trident "Tuukimih" {speed, rN+ Will+
                  | Stlth+}
 25277 | D:15     | Reached skill level 17 in Axes
 26039 | D:15     | Identified the +2 leather armour of Agnosticism {rC+}
 26072 | D:15     | Reached XP level 14. HP: 56/122 MP: 13/13
 26621 | D:15     | Found a staircase to the Depths.
 26878 | D:15     | Noticed a broodmother
 26879 | D:15     | a broodmother changed into an anaconda
 27009 | Lair:1   | Entered Level 1 of the Lair of Beasts
 27921 | Lair:1   | Noticed Sonja
 27925 | Lair:1   | Noticed Sonja
 27925 | Lair:1   | Sonja changed into Sonja the wolf
 27927 | Lair:1   | Killed Sonja the wolf
 28191 | Lair:1   | Noticed Gastronok
 28212 | Lair:1   | Killed Gastronok
 29312 | Lair:2   | You fall into a shaft and drop 2 floors!
 29320 | Lair:4   | Received a gift from Trog
 29323 | Lair:4   | Reached skill level 18 in Axes
 29347 | Lair:4   | Acquired the +3 warlock's mirror {reflect}
 29347 | Lair:4   | Found the +3 warlock's mirror {reflect}
 29421 | Lair:4   | Noticed Kirke
 29463 | Lair:4   | Killed Kirke
 29522 | Lair:4   | Found a gate leading to a gauntlet.
 29544 | Gauntlet | Entered a Gauntlet
 29544 | Gauntlet | Found a transporter.
 29544 | Gauntlet | Found a large runed translucent door.
 29544 | Gauntlet | Found a large runed translucent door.
 29544 | Gauntlet | Found a large runed translucent door.
 29544 | Gauntlet | Found a large runed translucent door.
 29544 | Gauntlet | Found a runed translucent door.
 29544 | Gauntlet | Found a runed translucent door.
 29544 | Gauntlet | Found a large runed translucent door.
 29544 | Gauntlet | Found a large runed translucent door.
 29544 | Gauntlet | Found a large runed translucent door.
 29544 | Gauntlet | Found a large runed translucent door.
 29544 | Gauntlet | Found a large runed translucent door.
 29544 | Gauntlet | Found a large runed translucent door.
 29821 | Gauntlet | Found a large runed translucent door.
 29821 | Gauntlet | Found a large runed translucent door.
 29829 | Gauntlet | Found a transporter.
 29844 | Gauntlet | Found a transporter.
 29849 | Gauntlet | Found a transporter.
 29869 | Gauntlet | Found a transporter.
 29886 | Gauntlet | Found a transporter.
 29893 | Gauntlet | Noticed a quicksilver ooze
 29895 | Gauntlet | Found a transporter.
 29907 | Gauntlet | Found a transporter.
 29919 | Gauntlet | Found a transporter.
 29931 | Gauntlet | Found a transporter.
 29948 | Gauntlet | Found a transporter.
 29966 | Gauntlet | Found a transporter.
 29968 | Gauntlet | Found a transporter.
 29986 | Gauntlet | Found a large runed translucent door.
 29987 | Gauntlet | Found a large runed translucent door.
 29991 | Gauntlet | Found a runed translucent gate.
 29991 | Gauntlet | Found a runed translucent gate.
 29991 | Gauntlet | Found a runed translucent gate.
 29993 | Gauntlet | Found a transporter.
 29995 | Gauntlet | Found a transporter.
 30001 | Gauntlet | Found a large runed translucent door.
 30002 | Gauntlet | Found a large runed translucent door.
 30015 | Gauntlet | Found a transporter.
 30093 | Gauntlet | Found a transporter.
 30131 | Gauntlet | Found a transporter.
 30336 | Gauntlet | Identified the +3 halberd "Rofecuil" {pain, rPois SInv}
 30403 | Gauntlet | Reached skill level 10 in Stealth
 30564 | Gauntlet | Identified the ring "Tihidy" {rF+ Will+ Int+4}
 30573 | Gauntlet | Identified the +1 swamp dragon scales "Xits" {Contam rElec
                  | rPois Dex+4 Stlth+}
 30727 | Gauntlet | Identified the +1 steam dragon scales "Nyguv" {Will+}
 30759 | Lair:4   | Found a hole to the Spider Nest.
 31496 | Lair:3   | Found a staircase to the Shoals.
 33590 | Lair:5   | Reached XP level 15. HP: 125/132 MP: 14/14
 33957 | Lair:6   | Entered Level 6 of the Lair of Beasts
 33967 | Lair:6   | Noticed Rupert
 33970 | Lair:6   | Received a gift from Trog
 33981 | Lair:6   | Killed Rupert
 34283 | Lair:6   | Reached skill level 19 in Axes
 34494 | Lair:6   | Reached skill level 10 in Evocations
 35031 | Lair:6   | Found a staircase to the Slime Pits.
 35800 | Lair:6   | Reached skill level 10 in Shields
 36411 | Lair:6   | Identified the +10 plate armour of the Narrow Alphagorgon
                  | {rC+}
 36686 | Orc:1    | Entered Level 1 of the Orcish Mines
 36974 | Orc:1    | Received a gift from Trog
 37288 | Orc:2    | Entered Level 2 of the Orcish Mines
 37534 | Orc:2    | Received a gift from Trog
 37730 | Orc:2    | Found Itsel's Book Shoppe.
 37742 | Orc:2    | Reached skill level 10 in Dodging
 37753 | Orc:2    | Found Yqaol's Antique Armour Boutique.
 37838 | Orc:2    | Found Methrei's General Store.
 37838 | Orc:2    | Found Cyqaam's Distillery.
 37853 | Orc:2    | Bought a potion of might for 56 gold pieces
 37853 | Orc:2    | Bought a potion of might for 56 gold pieces
 37853 | Orc:2    | Bought a potion of heal wounds for 70 gold pieces
 37853 | Orc:2    | Bought 2 potions of might for 112 gold pieces
 37853 | Orc:2    | Bought 2 potions of curing for 84 gold pieces
 37853 | Orc:2    | Bought a potion of resistance for 140 gold pieces
 37933 | Orc:1    | Received a gift from Trog
 38118 | Orc:2    | Found a staircase to the Elven Halls.
 38178 | Elf:1    | Entered Level 1 of the Elven Halls
 38186 | Elf:1    | Noticed Jorgrun
 38205 | Elf:1    | HP: 5/134 [fire elemental[a deep elf pyromancer] (2)]
 38205 | Elf:1    | Constricted to death by Jorgrun

Illustrated notes

Levels and vault maps discovered:
D:1:      lightli_arrival_quake, layout_loops_ring
D:2:      layout_loops_ring, ebering_ecumenical_altar_abandoned,
          kennysheep_generic_room_10
D:3:      cheibrodos_old_hovel, layout_basic, nicolae_wu_jian_wuxing_cycle
D:4:      minmay_octagon_keep, layout_basic, chequers_mini_garden, uniq_natasha,
          uniq_robin, uniq_ijyb
D:5:      layout_basic, nicolae_dithmenos_shadow_blocks,
          mainiacjoe_overflow_paths, marbit_many_paths,
          minmay_temple_entry_sparse_star, grunt_decor_arrowhead, uniq_menkaure
D:6:      layout_gridville, fiery_altar_vehumet
D:7:      layout_rooms, uniq_pikel
D:8:      layout_gridville, minmay_lair_entry_grove, serial_co_window_serial,
          co_window_cross_1, co_window_cross_1, co_window_corner_a,
          co_window_paths_a, co_window_corner_a, co_window_corner_b,
          co_window_corner_b, co_window_unsneaky_path_a, co_window_corner_ca,
          co_window_corner_cb, co_window_unsneaky_path_d, co_window_sun,
          co_window_4corner_b, glass_columns_a, glass_columns_b,
          glass_columns_b, glass_columns_a, glass_columns_a, uniq_harold
D:9:      layout_irregular_city, uniq_grum, uniq_prince_ribbit1
D:10:     layout_loops_ring
D:11:     layout_roguey, zombieorc2_lemuel, serial_shops, shop,
          kiku_gazebo_garden_becter
D:12:     layout_loops_ring
D:13:     layout_loops_ring, gammafunk_ghost_smash, serial_shops, shop_coins
D:14:     layout_small_grid, lightli_vaults_fourway_checkpoint,
          minmay_strange_pillars
D:15:     gammafunk_enter_depths_forms, layout_stronghold,
          gammafunk_ghost_tricky_traps, hangedman_abyss_or_decor_lesser_grid
Lair:1:   layout_gridlike, uniq_sonja, uniq_gastronok
Lair:2:   layout_concentric_octagons
Lair:3:   layout_gridlike, elwin_shoals_entry_stream,
          chequers_serial_rivers_large_a, hibernation_bobbens, lemuel_fruit_tree
Lair:4:   layout_gridlike, spider_nest_entry_web_field, gauntlet_entry_generic,
          grunt_megastairs_2, uniq_kirke
Lair:5:   layout_roguey, serial_bayou_shore_b
Lair:6:   evilmike_catoblepas_cave, layout_regular_city,
          dpeg_slime_entry_corner, serial_bayou_lagoon_b, uniq_rupert
Orc:1:    lemuel_ogre_cave, layout_caves
Orc:2:    st_orc_town, layout_caves, minmay_orc_temple_a
Elf:1:    eino_elf_arrival_the_gate, layout_loops_cross,
          infiniplex_enter_wizlab_water, kennysheep_underground_church,
          uniq_roxanne, uniq_agnes, uniq_jorgrun

Skill      XL: |  1  2  3  4  5  6  7  8  9 10 11 12 13 14 15 |
---------------+----------------------------------------------+-----
Fighting       | 4 5 6 7 8 9 10 11 12 | 12.9
Axes           | 4 5 7 8 10 11 13 15 17 18 19 | 19.9
Evocations     | 1 2 3 4 5 6 7 8 9 10 | 10.4
Stealth        | 1 2 3 4 5 6 7 8 9 10 | 10.9
Dodging        | 3 4 5 6 7 9 10 | 10.0
Armour         | 3 4 5 7 9 10 11 12 13 | 13.8
Shields        | 3 7 9 10 | 10.9

Action                   |  1- 3 |  4- 6 |  7- 9 | 10-12 | 13-15 || total
-------------------------+-------+-------+-------+-------+-------++-------
Melee: Hand axe          |    83 |    94 |       |       |       ||   177
       Headbutt          |     9 |    12 |    46 |   121 |   231 ||   419
       Punch             |       |     2 |     3 |     7 |       ||    12
       War axe           |       |    13 |   125 |       |       ||   138
       Broad axe         |       |       |    93 |   540 |  1001 ||  1634
       Unarmed           |       |       |       |       |     5 ||     5
Invok: Berserk           |       |     6 |     5 |    15 |    17 ||    43
Evoke: Wand              |       |       |       |    15 |     2 ||    17
  Use: Scroll            |     3 |     5 |     5 |    15 |    11 ||    39
       Potion            |       |       |     1 |       |       ||     1
 Stab: Sleeping          |     4 |     1 |       |       |       ||     5
       Petrified         |       |       |       |       |     6 ||     6
       Petrifying        |       |       |       |       |     2 ||     2
       Confused          |       |       |       |       |     2 ||     2
       Paralysed         |       |       |       |       |     2 ||     2
Armor: Animal skin       |    13 |     1 |       |       |       ||    14
       Ring mail         |       |    34 |    17 |       |       ||    51
       Chain mail        |       |       |   134 |   161 |       ||   295
       Plate armour      |       |       |       |   152 |   433 ||   585
Dodge: Dodged            |    60 |    65 |   159 |   277 |   288 ||   849
Block: Buckler           |       |       |       |   112 |   538 ||   650
       Reflection        |       |       |       |    13 |    42 ||    55
       Kite shield       |       |       |       |       |    55 ||    55
       Other             |       |       |       |       |     1 ||     1
